 Dungeon Crawl Stone Soup version 0.18.1-50-g88ac8fd (webtiles) character file.

22 Drunkenshrew the Charmwright (level 2, -3/22 HPs)
             Began as a Demonspawn Skald on Sept 20, 2016.
             Slain by Robin
             ... wielding a +0 mace
              (7 damage)
             ... on level 2 of the Dungeon.
             The game lasted 00:03:01 (813 turns).

Drunkenshrew the Charmwright (Demonspawn Skald)      Turns: 813, Time: 00:03:02

Health: -3/22      AC:  3    Str: 12    XL:     2   Next: 68%
Magic:  0/5        EV: 11    Int: 13    God:
Gold:   36         SH:  0    Dex: 12    Spells: 1 memorised, 4 levels left

rFire  . . .     SeeInvis .     a - +0 hand axe
rCold  . . .     Gourm    .     b - +0 leather armour
rNeg   . . .     Faith    .     (no shield)
rPois  .         Spirit   .     (helmet restricted)
rElec  .         Dismiss  .     (no cloak)
rCorr  .         Reflect  .     (no gloves)
SustAt +         Harm     .     (no boots)
MR     .....                    (no amulet)
Stlth  +.........               (no ring)
                                k - ring of sustain attributes

@: infused, not resistant to hostile enchantments, very unstealthy
A: horns 1
a: no special abilities


You were on level 2 of the Dungeon.
You were not hungry.

You visited 1 branch of the dungeon, and saw 2 of its levels.

You collected 36 gold pieces.

Inventory:

Hand Weapons
 a - a +0 hand axe (weapon)
Missiles
 g - 7 poisoned needles
 q - 15 arrows
Armour
 b - a +0 leather armour (worn)
Jewellery
 k - a ring of sustain attributes (left hand)
Scrolls
 f - 2 scrolls of random uselessness {unknown}
 i - a scroll of remove curse {unknown}
 l - a scroll of blinking {unknown}
 o - a scroll of fear {unknown}
Potions
 e - 2 potions of agility {unknown}
 j - 3 potions of curing
 n - a potion of heal wounds {unknown}
 p - a potion of brilliance {unknown}
 r - a potion of ambrosia {unknown}
 s - a potion of lignification {unknown}
Books
 c - a book of Battle

   Spells                             Type                      Level
   a - Infusion                       Charms                       1
   b - Shroud of Golubria             Charms/Translocation         2
   c - Song of Slaying                Charms                       2
   d - Spectral Weapon                Hexes/Charms                 3
   e - Regeneration                   Charms/Necromancy            3
Comestibles
 d - a bread ration
 h - 2 beef jerkies
 m - a slice of pizza


   Skills:
 - Level 2.0 Fighting
 - Level 1.7 Axes
 - Level 0.8 Armour
 - Level 0.8 Dodging
 + Level 2.2 Spellcasting
 * Level 3.4 Charms


You had 4 spell levels left.
You knew the following spells:

 Your Spells              Type           Power        Failure   Level  Hunger
a - Infusion              Chrm           ##..         10%         1    ##.....


Dungeon Overview and Level Annotations

Branches:
Dungeon (2/15)

Altars:

Annotations:
D:2 Robin


Innate Abilities, Weirdness & Mutations

You have a pair of small horns on your head.


Message History

You barely miss the goblin. Robin hits you with a mace!
* * * LOW HITPOINT WARNING * * *
The goblin closely misses you.
You hit Robin.
Robin is severely wounded.
You hit the goblin.
The goblin is heavily wounded.
Robin drinks a potion.
Robin is healed!
The goblin barely misses you. Robin closely misses you.
You hit Robin.
Robin is moderately wounded.
You closely miss the goblin.
The goblin is heavily wounded.
The goblin completely misses you. Robin barely misses you.
You barely miss Robin. You headbutt Robin.
Robin is severely wounded.
You hit the goblin.
You kill the goblin!
Robin hits you with a mace!
You die...

# .# .. ##
###########
#.)@ggg....
#.######### ########
#.###########.......
#.............######
#.############# ###


You could see Robin, a hobgoblin and a goblin.

Vanquished Creatures
  A giant gecko (D:1)
  2 giant cockroaches (D:1)
  6 goblins
  3 hobgoblins (D:1)
  3 kobolds (D:1)
  3 rats (D:1)
18 creatures vanquished.

Notes
Turn   | Place    | Note
--------------------------------------------------------------
     0 | D:1      | Drunkenshrew the Demonspawn Skald began the quest for the Orb.
     0 | D:1      | Reached XP level 1. HP: 16/16 MP: 3/3
   141 | D:1      | Reached skill level 3 in Charms
   211 | D:1      | Gained mutation: You have a pair of small horns on your head. [demonic ancestry]
   211 | D:1      | Reached XP level 2. HP: 16/22 MP: 1/5
   796 | D:2      | Noticed Robin
   813 | D:2      | Slain by Robin

Skill      XL: |  1 |
---------------+----+-----
Charms         | 3 |  3.4
Fighting       | |  2.0
Axes           | |  1.7
Armour         | |  0.8
Dodging        | |  0.8
Spellcasting   | |  2.2

Action                   || total
-------------------------++-------
Melee: Hand axe          ||    37
       Headbutt          ||     3
 Cast: Infusion          ||    11
Armor: Leather armour    ||     4
Dodge: Dodged            ||    27
